Map: Frost LE

Players

Elazer

  • Race: Zerg Zerg
  • League: Grandmaster

PtitDrogo - Winner!

  • Race: Protoss Protoss
  • League: Grandmaster

Event: The PiG Daily 35

VOD

https://www.youtube.com/watch?v=FsC43sBAof0

Description

Time

  • Played on: July 6, 2016, 4:23 p.m.
  • Length: 9:48

All games in this series

Show
View Real Time Build Order
Export as new Build Order

Elazer Zerg 

Build Orders: Hatch First 

Get SALT Encoding   

  12  0:00  Drone  
  13  0:12  Overlord  
  13  0:18  Drone  
  14  0:31  Drone x2  
  14  0:34  Drone  
  17  0:52  Hatchery  
  17  0:54  Drone  
  17  0:57  Drone  
  18  1:08  Extractor  
  17  1:12  Spawning Pool  
  17  1:16  Drone  
  17  1:21  Drone  
  18  1:28  Drone  
  19  1:42  Overlord  
  19  1:52  Drone  
  20  2:00  Drone  
  21  2:02  Queen  
  21  2:04  Queen, Zergling x2  
  26  2:08  Metabolic Boost  
  26  2:10  Drone  
  26  2:15  Drone  
  28  2:21  Drone  
  29  2:29  Drone  
  30  2:31  Drone  
  30  2:37  Drone  
  32  2:44  Hatchery  
  31  2:47  Pneumatized Carapace  
  32  2:51  Zergling x2  
  32  2:57  Overlord  
  32  2:59  Drone  
  32  3:00  Drone  
  34  3:06  Drone  
  34  3:09  Drone  
  36  3:16  Drone x5  
  36  3:18  Drone  
  42  3:27  Overlord  
  42  3:34  Queen  
  42  3:38  Overlord  
  44  3:45  Drone  
  44  3:46  Drone  
  45  3:50  Extractor, Roach Warren  
  43  3:56  Zergling x12  
  49  4:07  Drone x2  
  49  4:09  Drone  
  52  4:10  Spine Crawler  
  51  4:17  Overlord  
  51  4:21  Lair  
  51  4:24  Overlord  
  51  4:30  Roach x3  
  51  4:31  Roach x3  
  63  4:33  Roach  
  63  4:35  Roach  
  63  4:38  Drone x2  
  69  4:39  Drone x2  
  69  4:42  Drone  
  72  4:48  Overlord  
  72  4:50  Drone x2  
  73  4:59  Drone x3  
  77  5:00  Drone x2  
  77  5:01  Drone x2  
  77  5:03  Drone  
  77  5:04  Drone  
  78  5:09  Drone  
  78  5:12  Burrow  
  78  5:13  Drone  
  80  5:18  Glial Reconstitution  
  80  5:21  Extractor  
  80  5:23  Extractor  
  80  5:25  Drone x3  
  80  5:28  Drone  
  82  5:32  Hatchery  
  82  5:33  Drone x3  
  84  5:36  Overlord  
  84  5:44  Drone  
  84  5:45  Drone  
  84  5:47  Drone  
  84  5:48  Extractor, Hydralisk Den  
  85  5:50  Drone x3  
  85  5:54  Hatchery, Overlord  
  85  5:56  Extractor, Drone  
  87  5:57  Drone x3  
  87  6:03  Roach x3  
  96  6:08  Drone  
  96  6:10  Evolution Chamber  
  96  6:11  Overlord  
  96  6:13  Drone x3  
  99  6:23  Roach x3  
  104  6:26  Lurker Den  
  104  6:27  Overlord  
  104  6:31  Overlord  
  104  6:42  Overlord  
  104  6:43  Roach x5  
  104  6:45  Zerg Missile Weapons Level 1  
  113  6:51  Overlord  
  113  6:52  Roach  
  113  6:53  Roach x6  
  127  7:02  Overlord  
  127  7:03  Overlord x2  
  127  7:07  Roach x6  
  139  7:17  Overlord  
  139  7:19  Drone  
  139  7:21  Roach  
  139  7:22  Roach x6  
  154  7:28  Ravager x4  
  158  7:33  Ravager x2  
  158  7:34  Ravager  
  158  7:35  Overlord  
  161  7:37  Zergling x14  
  161  7:40  Ravager  
  161  7:41  Ravager  
  134  8:03  Roach x3  
  128  8:06  Roach  
  128  8:07  Roach x15  
  144  8:18  Roach  
  144  8:19  Roach x5  
  133  8:29  Roach x4  
  124  8:34  Ravager x2  
  124  8:39  Zergling x6  
  123  8:46  Zergling x18  
  123  8:47  Ravager x3  
  133  8:49  Ravager  
  133  8:52  Hatchery  
  133  8:55  Zergling x4  
  122  9:04  Roach  
  122  9:05  Roach  
  118  9:10  Roach x2  
  118  9:17  Roach x2  
  115  9:18  Ravager x2  
  115  9:20  Roach  
  119  9:25  Roach  
  119  9:26  Roach x3  
  119  9:27  Ravager x2  
Show
View Real Time Build Order
Export as new Build Order

PtitDrogo Protoss - Winner!

Build Orders: 1 Gate Expand 

Get SALT Encoding   

  12  0:01  Probe (Chrono Boost)  
  13  0:11  Probe (Chrono Boost)  
  14  0:17  Pylon  
  14  0:22  Probe (Chrono Boost)  
  16  0:35  Probe (Chrono Boost)  
  16  0:38  Gateway  
  16  0:46  Probe (Chrono Boost)  
  16  0:48  Assimilator  
  17  0:56  Probe (Chrono Boost)  
  18  1:07  Probe (Chrono Boost)  
  19  1:21  Nexus  
  19  1:24  Probe (Chrono Boost)  
  20  1:33  Cybernetics Core  
  20  1:36  Probe (Chrono Boost)  
  21  1:41  Assimilator  
  21  1:47  Probe (Chrono Boost)  
  22  1:53  Pylon  
  22  1:57  Probe (Chrono Boost)  
  23  2:10  Warp Gate  
  23  2:11  Probe, Stalker (Chrono Boost)  
  26  2:23  Probe  
  26  2:28  Twilight Council  
  27  2:33  Probe (Chrono Boost)  
  27  2:35  Probe (Chrono Boost)  
  29  2:37  Adept (Chrono Boost)  
  31  2:45  Probe (Chrono Boost)  
  31  2:47  Probe (Chrono Boost)  
  33  2:55  Probe (Chrono Boost)  
  33  2:57  Probe (Chrono Boost)  
  35  3:04  Probe (Chrono Boost), Adept, Resonating Glaives (Chrono Boost)  
  37  3:08  Probe  
  39  3:13  Gateway  
  39  3:15  Probe, Gateway  
  40  3:20  Probe  
  40  3:24  Pylon  
  40  3:26  Probe  
  41  3:31  Adept  
  41  3:32  Probe  
  45  3:36  Probe  
  46  3:45  Probe  
  46  3:46  Mothership Core  
  49  3:57  Probe, Nexus  
  49  3:59  Pylon  
  50  4:05  Probe  
  50  4:09  Probe  
  52  4:16  Probe  
  52  4:17  Adept x3  
  54  4:21  Probe  
  54  4:24  Pylon  
  60  4:26  Probe  
  60  4:30  Assimilator  
  61  4:32  Assimilator  
  61  4:33  Probe  
  61  4:34  Robotics Facility  
  62  4:40  Probe  
  63  4:45  Probe  
  63  4:48  Sentry x3  
  70  5:04  Probe  
  70  5:05  Probe  
  70  5:08  Probe  
  70  5:11  Forge  
  71  5:14  Probe  
  71  5:17  Probe  
  71  5:18  Sentry x2  
  71  5:19  Probe  
  78  5:25  Probe  
  78  5:26  Observer (Chrono Boost)  
  80  5:28  Pylon  
  80  5:29  Probe  
  80  5:31  Probe, Pylon  
  80  5:35  Blink, Probe  
  82  5:41  Probe  
  82  5:42  Immortal (Chrono Boost)  
  84  5:43  Probe  
  84  5:44  Phoenix  
  84  5:46  Assimilator  
  84  5:47  Probe, Protoss Ground Weapons Level 1 (Chrono Boost), Assimilator  
  90  5:53  Probe  
  90  5:55  Probe, Stalker, Pylon  
  94  5:59  Probe  
  94  6:04  Gateway x2  
  95  6:05  Gateway  
  95  6:06  Probe  
  95  6:07  Probe  
  95  6:08  Gateway  
  97  6:11  Probe  
  97  6:18  Probe  
  99  6:20  Probe  
  99  6:23  Probe  
  99  6:24  Immortal  
  101  6:30  Probe  
  106  6:35  Pylon, Robotics Bay  
  106  6:37  Pylon  
  102  6:40  Pylon  
  102  6:42  Pylon  
  102  6:48  Stalker x3  
  102  6:52  Gateway  
  108  6:54  Photon Cannon  
  108  6:56  Pylon  
  108  7:00  Pylon  
  108  7:05  Stalker x3  
  108  7:06  Stalker, Gateway  
  108  7:07  Immortal  
  116  7:08  Pylon  
  116  7:14  Stalker  
  122  7:19  Robotics Bay  
  122  7:21  Sentry, Stalker  
  126  7:30  Robotics Facility  
  126  7:32  Stalker x3  
  132  7:38  Protoss Ground Weapons Level 2 (Chrono Boost)  
  132  7:39  Stalker  
  132  7:40  Stalker  
  130  7:51  Observer  
  130  7:53  Photon Cannon  
  130  7:57  Stalker x4  
  104  8:13  Stalker  
  104  8:14  Stalker x3  
  102  8:28  Stalker x4  
  102  8:30  Warp Prism  
  107  8:40  Stalker x4  
  108  8:53  Stalker x4  
  100  9:17  Adept x2  
  100  9:18  Adept x2, Stalker x5  
  116  9:38  Stalker x4  
Tags
 
Add a new tag
Caveats
  • Supply blocks, unpowered buildings, or Contaminate may cause inaccurate times.
  • Supply counts are checked every 10 seconds.